 Dungeon Crawl Stone Soup version 0.26-a0-648-g87339cca5e (webtiles) character file.

Game seed: 5257888673612269224

133 DogServant the Skirmisher (level 4, -3/38 HPs)
             Began as a Demonspawn Abyssal Knight on Sept 25, 2020.
             Was a Believer of Lugonu.
             Slain by a phantom (5 damage)
             ... on level 4 of the Dungeon.
             The game lasted 00:04:55 (4036 turns).

DogServant the Skirmisher (DsAK)                    Turns: 4036, Time: 00:04:56

Health: -3/38      AC:  5    Str: 13    XL:     4   Next: 93%
Magic:  7/7        EV: 10    Int: 14    God:    Lugonu [**....]
Gold:   178        SH:  0    Dex: 12    Spells: 3/3 levels left

rFire    . . .     SeeInvis .   a - +1 hand axe
rCold    . . .     Faith    .   (no shield)
rNeg     . . .     Spirit   .   j - +0 ring mail
rPois    .         Reflect  .   (no helmet)
rElec    .         Harm     .   (no cloak)
rCorr    .         Rampage  .   (no gloves)
MR       .....                  (no boots)
Stlth    +.........             (no amulet)
HPRegen  0.12/turn              (no ring)
MPRegen  0.10/turn              (no ring)

@: no status effects
A: talons 1
a: Depart the Abyss, Bend Space, Renounce Religion


You were on level 4 of the Dungeon.
You worshipped Lugonu.
Lugonu was pleased with you.
You visited 1 branch of the dungeon, and saw 4 of its levels.
You visited the Abyss 1 time.

You collected 178 gold pieces.

Inventory:

Hand Weapons
 a - a +1 hand axe (weapon)
Missiles
 n - 12 poisoned darts (quivered)
Armour
 b - a +0 leather armour
 j - a +0 ring mail (worn)
Jewellery
 l - an uncursed ring of protection from magic {unknown}
 p - an uncursed ring of fire {unknown}
Scrolls
 d - a scroll of remove curse
 h - 7 scrolls of amnesia {unknown}
 k - a scroll of enchant weapon {unknown}
 r - a scroll of fear {unknown}
 s - a scroll of magic mapping {unknown}
Potions
 c - 2 potions of lignification
 i - a potion of flight
 m - 2 potions of ambrosia {unknown}
 o - a potion of degeneration {unknown}
 q - a potion of mutation {unknown}


   Skills:
 + Level 4.3 Fighting
 + Level 2.8 Axes
 - Level 1.7 Armour
 - Level 0.8 Dodging
 + Level 4.1 Invocations


You had 3 spell levels left.
You didn't know any spells.
Your spell library was empty.

Dungeon Overview and Level Annotations

Branches:
Dungeon (4/15)
 Temple: D:4-7

Altars:
Ashenzari
Makhleb
Xom
The Shining One

Annotations:
D:3 Grinder


Innate Abilities, Weirdness & Mutations

You have sharp toenails.


Message History

You hit the phantom.
The phantom is heavily damaged.
The phantom hits you but does no damage.
You hit the phantom.
The phantom is heavily damaged.
The phantom hits you.
The phantom blinks!
You closely miss the phantom. You claw the phantom.
The phantom is heavily damaged.
The phantom blinks!
The phantom barely misses you.
You barely miss the phantom.
The phantom is heavily damaged.
The phantom hits you!
* * * LOW HITPOINT WARNING * * *
You hit the phantom.
The phantom is severely damaged.
The phantom hits you.
* * * LOW HITPOINT WARNING * * *
The phantom hits you.
You die...

#.....## .)... ## #.....
.#.## ##. #... #....#
#..###..######...###. #
##...##....##.........
##.#...................#
#...........#.#......#.###
#........W.##.###....#.#..
#.......@.....#..##......
#............##..##......
$...<........####..##.###.
..#...#..#.#...##.....# #.
......##...#......#.######
...... #.<###....##.#2#_..
#...# ....##.[.....######
.... ........#.##..#
.....#.#..#####


You could see a phantom.

Vanquished Creatures
  A gnoll (D:2)
  3 adders
  An ooze (D:3)
  An adder skeleton (D:4)
  A worm (D:2)
  5 dart slugs
  3 leopard geckos
  2 orcs (D:3)
  5 bats
  7 giant cockroaches
  10 goblins
  7 hobgoblins
  6 kobolds
  4 quokkas
  7 frilled lizards
  5 rats
68 creatures vanquished.

Notes
Turn   | Place    | Note
-------+----------+-------------------------------------------
     0 | Abyss:1  | DogServant the Demonspawn Abyssal Knight began the quest
                  | for the Orb.
     0 | Abyss:1  | Reached XP level 1. HP: 18/18 MP: 2/2
     0 | D:1      | Escaped the Abyss
   580 | D:1      | Gained mutation: You have sharp toenails. [demonic
                  | ancestry]
   580 | D:1      | Reached XP level 2. HP: 21/24 MP: 3/3
   642 | D:1      | Reached * piety under Lugonu
  1553 | D:2      | Reached XP level 3. HP: 19/30 MP: 5/5
  2133 | D:2      | Found a broken altar of Ashenzari.
  2135 | D:2      | Found a shimmering altar of Xom.
  2370 | D:2      | Reached XP level 4. HP: 18/37 MP: 6/6
  2802 | D:2      | Found a glowing golden altar of the Shining One.
  3221 | D:3      | Reached ** piety under Lugonu
  3311 | D:3      | Noticed Grinder
  3319 | D:3      | Paralysed by Grinder for 2 turns
  3767 | D:3      | Paralysed by Grinder for 3 turns
  3971 | D:4      | Found a burning altar of Makhleb.
  3971 | D:4      | Noticed a green death
  3987 | D:4      | Noticed a phantom
  4036 | D:4      | Slain by a phantom

Illustrated notes

Levels and vault maps discovered:
D:1:      minmay_arrival_checkered_box, layout_loops_corners,
          corexii_leaking_fountain, minmay_pentomino_r2
D:2:      layout_basic, nicolae_overflow_crystal_walls,
          chequers_temple_overflow_statue_of_worship, grunt_ministairs_10,
          minmay_fractal_squares_gapless_5
D:3:      kennysheep_big_flooded_room, layout_basic, uniq_grinder, uniq_natasha
D:4:      layout_cave_pools, marbit_many_paths, makhleb_altar_promises_db,
          lemuel_doored_altar, temple_doors_e, minmay_pentomino_pile,
          uniq_crazy_yiuf_cottage, uniq_duvessa

Skill      XL: |  1  2  3  4 |
---------------+-------------+-----
Axes           | 2 |  2.8
Invocations    | 3 4 |  4.1
Fighting       | 4 |  4.3
Armour         | |  1.7
Dodging        | |  0.8

Action                   |  1- 3 |  4- 6 || total
-------------------------+-------+-------++-------
Melee: Hand axe          |   120 |   101 ||   221
       Kick              |    17 |    20 ||    37
Invok: Depart the Abyss  |     1 |       ||     1
       Bend Space        |       |     4 ||     4
  Use: Scroll            |       |     5 ||     5
 Stab: Sleeping          |     1 |       ||     1
Armor: Leather armour    |     8 |       ||     8
       Ring mail         |    42 |    43 ||    85
Dodge: Dodged            |    58 |    61 ||   119

Table legend: (Time is in decaauts)
 A = Elapsed time spent in this place.
 B = Non-inter-level travel time spent in this place.
 C = Inter-level travel time spent in this place.
 D = Time resting spent in this place.
 E = Time spent auto-exploring this place.
 F = Levels seen in this place.
 G = Mean time per level.
                   A        B        C        D        E       F      G
               +--------+--------+--------+--------+--------+-----+--------+
         Total |   4077 |   3928 |    149 |   1064 |   2261 |   5 |  815.4 |
       Dungeon |   4077 |   3928 |    149 |   1064 |   2261 |   4 | 1019.2 |
         Abyss |      0 |      0 |      0 |      0 |      0 |   1 |    0.0 |
               +--------+--------+--------+--------+--------+-----+--------+

Top non-repeatable levels by time:
     D:2: 2164 daAuts
     D:1: 1431 daAuts
     D:3: 393 daAuts
     D:4: 89 daAuts
